 Dungeon Crawl Stone Soup version 0.23.2-1-ga50397a6bc (webtiles) character file.

Game seed: 10235105901538455072

730 Mrkan the Cleaver (level 7, -1/64 HPs)
             Began as a Hill Orc Fighter on May 22, 2019.
             Slain by a centaur zombie (6 damage)
             ... on level 5 of the Dungeon.
             The game lasted 00:06:06 (3721 turns).

Mrkan the Cleaver (Hill Orc Fighter)                Turns: 3721, Time: 00:06:07

Health: -1/64      AC:  6    Str: 19    XL:     7   Next: 73%
Magic:  7/7        EV:  7    Int:  8    God:
Gold:   175        SH:  9    Dex: 12    Spells: 6/6 levels left

rFire    . . .     SeeInvis .   a - +0 war axe
rCold    . . .     Gourm    .   c - +0 shield
rNeg     . . .     Faith    .   b - +0 scale mail
rPois    .         Spirit   .   (no helmet)
rElec    .         Reflect  .   (no cloak)
rCorr    +         Harm     .   (no gloves)
MR       .....                  (no boots)
Stlth    ..........             (no amulet)
HPRegen  0.20/turn              p - ring of resist corrosion
MPRegen  0.10/turn              (no ring)

@: lethally poisoned (-1 -> -2)
A: no striking features
a: no special abilities


You were on level 5 of the Dungeon.
You were near starving.

You visited 1 branch of the dungeon, and saw 5 of its levels.

You collected 175 gold pieces.

Inventory:

Hand Weapons
 a - a +0 war axe (weapon)
Armour
 b - a +0 scale mail (worn)
 c - a +0 shield (worn)
Jewellery
 o - an uncursed ring of flight
 p - a ring of resist corrosion (left hand)
Scrolls
 j - 2 scrolls of blinking {unknown}
 k - a scroll of identify
 l - 2 scrolls of amnesia {unknown}
 q - a scroll of noise {unknown}
 s - 2 scrolls of remove curse
 t - a scroll of fear
 u - a scroll of enchant armour {unknown}
Potions
 d - 2 potions of might
 e - a potion of haste {unknown}
 g - 3 potions of degeneration {unknown}
 h - a potion of lignification {unknown}
 i - a potion of curing {unknown}
 m - a potion of invisibility {unknown}
 n - a potion of mutation {unknown}
 r - 2 potions of heal wounds {unknown}
Comestibles
 f - 5 rations


   Skills:
 + Level 6.7 Fighting
 * Level 9.3 Axes
 - Level 3.2 Armour
 - Level 3.2 Shields


You had 6 spell levels left.
You didn't know any spells.
Your spell library was empty.

Dungeon Overview and Level Annotations

Branches:
Dungeon (5/15)
 Temple: D:4-7

Altars:
Okawaru
Ru
Uskayaw


Message History

You slash the worker ant zombie!
You destroy the worker ant zombie!
You hit the phantom. You block the phantom's attack.
A centaur zombie comes into view.
The phantom closely misses you.
The jackal bites you but does no damage.
The centaur zombie moves out of view.
Things that are here:
a frilled lizard corpse; a howler monkey corpse You closely miss the jackal.
You hit the phantom but do no damage.
You feel sick. You block the jackal's attack.
The phantom blinks!
You slash the jackal!
You kill the jackal!
You are near starving!
You slash the centaur zombie!
The centaur zombie is moderately damaged.
The centaur zombie hits you.
* * * LOW HITPOINT WARNING * * *
The phantom blinks!
The centaur zombie hits you.
You die...

+. ...# #. #...#
##.##...###
......... ...§..#
#.....# ......
#####§....# ......
#†.Z@.....##......
#..####.....+.......
#...# ###W.##.W.....
#..# # ##..#......
#.. #_≈ ##..# ..# #.
#..≈§##.##..#### .
#...≈§#......... ##
8_....'.....### .##.
#.§§§≈#.....#


You could see a phantom and a centaur zombie.

Vanquished Creatures
  An ice beast (D:3)
  An ogre (D:4)
  A centaur (D:5)
  A howler monkey (D:5)
  A centaur skeleton (D:4)
  A hound (D:4)
  An orc priest (D:3)
  A bullfrog skeleton (D:3)
  Jessica (D:2)
  An orc wizard (D:4)
  2 worker ants
  A hound skeleton (D:4)
  A worker ant zombie (D:5)
  9 adders
  3 gnolls (D:3)
  A worm (D:2)
  4 dart slugs
  2 leopard geckos (D:2)
  7 orcs
  2 ball pythons
  4 giant cockroaches
  5 goblins
  3 hobgoblins
  10 jackals
  6 bats
  6 frilled lizards
  A giant cockroach zombie (D:5)
  10 kobolds
  A quokka zombie (D:5)
  8 rats
96 creatures vanquished.

Notes
Turn   | Place    | Note
-------+----------+-------------------------------------------
     0 | D:1      | Mrkan the Hill Orc Fighter began the quest for the Orb.
     0 | D:1      | Reached XP level 1. HP: 19/19 MP: 1/1
    34 | D:1      | Reached skill level 3 in Axes
   118 | D:1      | Reached XP level 2. HP: 12/27 MP: 2/2
   485 | D:1      | Reached skill level 4 in Axes
   516 | D:1      | Reached XP level 3. HP: 33/33 MP: 3/3
  1208 | D:2      | Found a faded altar of an unknown god.
  1266 | D:2      | Noticed Jessica
  1270 | D:2      | Killed Jessica
  1270 | D:2      | Reached skill level 5 in Axes
  1270 | D:2      | Reached XP level 4. HP: 41/41 MP: 4/4
  1772 | D:3      | Reached XP level 5. HP: 43/47 MP: 5/5
  1944 | D:3      | Reached skill level 6 in Axes
  2059 | D:3      | Reached skill level 5 in Fighting
  2093 | D:3      | Noticed an ice beast
  2266 | D:3      | Killed an ice beast
  2266 | D:3      | Reached skill level 7 in Axes
  2266 | D:3      | Reached XP level 6. HP: 36/56 MP: 6/6
  2964 | D:4      | Reached skill level 8 in Axes
  2964 | D:4      | Reached XP level 7. HP: 44/63 MP: 7/7
  3647 | D:5      | Entered Level 5 of the Dungeon
  3665 | D:5      | Found an iron altar of Okawaru.
  3665 | D:5      | Found a sacrificial altar of Ru.
  3665 | D:5      | Found a hide-covered altar of Uskayaw.
  3692 | D:5      | Reached skill level 9 in Axes
  3721 | D:5      | Slain by a centaur zombie

Skill      XL: |  1  2  3  4  5  6  7 |
---------------+----------------------+-----
Axes           | 3 4 5 7 8 9 |  9.3
Fighting       | 4 5 6 |  6.7
Armour         | |  3.2
Shields        | |  3.2

Action                   |  1- 3 |  4- 6 |  7- 9 || total
-------------------------+-------+-------+-------++-------
Melee: War axe           |    95 |   158 |    70 ||   323
  Use: Scroll            |       |     4 |       ||     4
 Stab: Distracted        |       |     1 |       ||     1
  Eat: Chunk             |     1 |     5 |     2 ||     8
Armor: Scale mail        |    50 |    95 |    35 ||   180
Dodge: Dodged            |    26 |    62 |    20 ||   108
Block: Shield            |    55 |   118 |    49 ||   222
